 Dungeon Crawl Stone Soup version 0.25.1-2-g60ff931df9 (webtiles) character file.

Game seed: 13417560818802539308

16367 havocjr3 the Nimble (level 12, -1/84 HPs)
             Began as a Gnoll Gladiator on Sept 10, 2020.
             Was a Believer of Hepliaklqana.
             Killed from afar by an orc sorcerer (28 damage)
             ... with a bolt of negative energy
             ... on level 2 of the Orcish Mines.
             The game lasted 01:10:18 (12133 turns).

havocjr3 the Nimble (Gnoll Gladiator)              Turns: 12133, Time: 01:10:19

Health: -1/84      AC: 17    Str: 24    XL:     12   Next: 36%
Magic:  22/22      EV: 21    Int: 12    God:    Hepliaklqana [**....]
Gold:   1260       SH:  6    Dex: 17    Spells: 25/25 levels left

rFire    . . .     SeeInvis .   B - +7 flail of the Briny Deep {venom, +Rage}
rCold    . . .     Gourm    .   q - +0 buckler
rNeg     . . .     Faith    .   Y - +5 chain mail "Uthiadghani" {Str+4}
rPois    .         Spirit   .   c - +0 helmet
rElec    .         Reflect  .   d - +0 cloak
rCorr    .         Harm     .   (no gloves)
MR       .....                  (no boots)
Stlth    ..........             (no amulet)
HPRegen  0.24/turn              a - +4 ring of evasion
MPRegen  0.18/turn              o - +4 ring of evasion

@: drained
A: distributed training, reduced essence, fangs 1, strong nose
a: Recall Ancestor, Ancestor Identity, Renounce Religion, Evoke Berserk Rage


You were on level 2 of the Orcish Mines.
You worshipped Hepliaklqana.
Hepliaklqana was pleased with you.
You were not hungry.

You visited 3 branches of the dungeon, and saw 14 of its levels.
You also visited: Ossuary.

You collected 1260 gold pieces.

Inventory:

Hand Weapons
 n - a +2 hunting sling
 B - the +7 flail of the Briny Deep (weapon) {venom, +Rage}
   (You found it on level 4 of the Dungeon)

   It poisons the flesh of those it strikes.
   It lets you go berserk.
 J - a +2 scimitar of flaming
 O - a +4 dagger of chaos
 P - the +4 long sword of Watchfulness {vorpal, Dex+5}
   (You found it on level 7 of the Dungeon)

   It inflicts extra damage upon your enemies.
   It affects your dexterity (+5).
 T - a +0 trident
Missiles
 m - 11 sling bullets
 s - 305 stones
 u - 147 bolts
 C - 20 poisoned darts (quivered)
 G - 2 throwing nets
 M - 21 boomerangs
 U - 2 javelins
Armour
 c - a +0 helmet (worn)
 d - a +0 cloak (worn)
 q - a +0 buckler (worn)
 H - +0 acid dragon scales
 Y - the +5 chain mail "Uthiadghani" (worn) {Str+4}
   (You found it on level 10 of the Dungeon)

   It affects your strength (+4).
Jewellery
 a - a +4 ring of evasion (left hand)
 o - a +4 ring of evasion (right hand)
 E - a +6 ring of dexterity
 S - an uncursed ring of fire
Wands
 y - a wand of iceblast (9)
 z - a wand of random effects (29)
 F - a wand of paralysis (10)
 N - a wand of polymorph (8)
Scrolls
 b - 7 scrolls of remove curse
 k - 5 scrolls of identify
 t - 7 scrolls of teleportation
 x - 2 scrolls of holy word {unknown}
 D - 4 scrolls of magic mapping
 Q - a scroll of fear {unknown}
 R - a scroll of noise {unknown}
 W - a scroll of brand weapon {unknown}
 X - a scroll of enchant armour {unknown}
Potions
 e - a potion of berserk rage
 g - 5 potions of brilliance
 i - 4 potions of haste
 j - a potion of heal wounds
 l - 2 potions of ambrosia
 p - 6 potions of curing
 v - 4 potions of degeneration
 w - 3 potions of flight
 A - 2 potions of cancellation
 I - a potion of magic
 K - 2 potions of resistance
 L - 3 potions of might
Miscellaneous
 V - a box of beasts
 Z - a phial of floods (inert)
Comestibles
 f - 26 rations
 h - a chunk of flesh


   Skills:
 + Level 8.5(7.6) Fighting
 + Level 7.1(6.2) Short Blades
 + Level 9.7(8.7) Long Blades
 + Level 7.1(6.2) Axes
 + Level 7.1(6.2) Maces & Flails
 + Level 7.1(6.2) Polearms
 + Level 7.1(6.2) Staves
 + Level 7.1(6.2) Slings
 + Level 7.1(6.2) Bows
 + Level 7.1(6.2) Crossbows
 + Level 8.5(7.6) Throwing
 + Level 7.1(6.2) Armour
 + Level 9.7(8.7) Dodging
 + Level 7.1(6.2) Stealth
 + Level 7.1(6.2) Shields
 + Level 7.1(6.2) Unarmed Combat
 + Level 7.1(6.2) Spellcasting
 + Level 5.9(5.0) Conjurations
 + Level 5.9(5.0) Hexes
 + Level 5.9(5.0) Charms
 + Level 5.9(5.0) Summonings
 + Level 5.9(5.0) Necromancy
 + Level 5.9(5.0) Translocations
 + Level 5.9(5.0) Transmutations
 + Level 5.9(5.0) Fire Magic
 + Level 5.9(5.0) Ice Magic
 + Level 5.9(5.0) Air Magic
 + Level 5.9(5.0) Earth Magic
 + Level 5.9(5.0) Poison Magic
 + Level 7.8(6.8) Invocations
 + Level 7.1(6.2) Evocations


You had 25 spell levels left.
You didn't know any spells.
Your spell library was empty.

Dungeon Overview and Level Annotations

Branches:
Dungeon (11/15)            Temple (1/1) D:7            Lair (0/6) D:8
    Orc (2/2) D:9             Elf (0/3) Orc:2       Ossuary (visited)

Altars:
Ashenzari
Cheibriados
Fedhas
Gozag
Hepliaklqana
Kikubaaqudgha
Trog
Vehumet
Xom
Yredelemnul
Zin

Portals:
Trove: D:11 (give horn of Geryon)


Innate Abilities, Weirdness & Mutations

Your experience applies equally to all skills.
You have very sharp teeth.
Your uncanny sense of smell can sniff out nearby items.
Your life essence is reduced to manifest your ancestor. (-10% HP)


Message History

The warg is heavily wounded.
The orc throws a boomerang.
The boomerang hits you but does no damage.
The weapon returns to the orc!
Decima casts a spell at the warg.
The warg seems to slow down.
You bludgeon the warg!!
You kill the warg!
The warg bites Decima!
The orc throws a boomerang.
You block the boomerang.
The weapon returns to the orc!
Decima barely misses the warg.
You barely miss the orc sorcerer.
The orc sorcerer hits you with a +1 dagger of draining.
You feel drained.
Decima hits the warg with a +0 dagger of draining!
You hit the orc sorcerer but do no damage.
The orc sorcerer is poisoned.
The warg misses you.
Decima hits the warg with a +0 dagger of draining.
The orc sorcerer casts a spell at you. The bolt of negative energy hits you!!
You feel drained.
You die...

#...# .....
#..... ......
......#
.......#####
........h#.##
....#.@R...#
......##o...#
........oo)##
.......#.(##
.................
..........(......
........######..#
....... .#
.......


You could see the friendly Decima the hexer, a warg (confused, slow, drained),
an orc sorcerer (very poisoned), an orc wizard and an orc.

Vanquished Creatures
  A two-headed ogre (D:8)
  A cyclops (D:11)
  2 orc sorcerers (Orc:2)
  An ugly thing (D:11)
  A manticore (D:10)
  Joseph (D:8)
  Psyche (D:8)
  Maurice (D:9)
  Maggie (D:7)
  2 guardian mummies (D:11)
  2 trolls
  Prince Ribbit (D:8)
  A hippogriff (D:8)
  2 wraiths
  18 yaks
  5 wargs (Orc:2)
  Duvessa (D:6)
  A sky beast (D:11)
  3 ice beasts
  4 orc warriors
  A black bear (D:6)
  5 necrophages
  12 ogres
  A centaur (D:7)
  A big kobold (D:7)
  7 bullfrogs
  A gnoll sergeant (D:6)
  A wyvern skeleton (D:11)
  Dowan (D:6)
  A water moccasin zombie (D:8)
  A scorpion (D:6)
  5 wights (D:11)
  3 howler monkeys
  2 centaur zombies
  5 crimson imps
  A bullfrog zombie (D:10)
  3 jellies
  7 orc priests
  3 hounds
  20 orc wizards
  A centaur skeleton (D:7)
  Crazy Yiuf (D:3)
  A bullfrog skeleton (D:6)
  Ijyb (D:5)
  4 iguanas
  11 worker ants
  A hound zombie (D:5)
  A mummy (Ossuary)
  A worker ant zombie (D:8)
  10 gnolls
  11 adders
  An ooze (D:2)
  An adder zombie (D:6)
  2 worms
  5 dart slugs
  8 leopard geckos
  54 orcs
  A ball python (D:2)
  9 giant cockroaches
  15 goblins
  9 hobgoblins
  14 jackals
  3 quokkas
  5 bats
  15 frilled lizards
  7 gnoll skeletons (Ossuary)
  A jackal skeleton (D:5)
  6 kobolds
  5 kobold skeletons (Ossuary)
  13 orc skeletons (Ossuary)
  A quokka skeleton (D:5)
  4 rats
  A fungus (D:3)
354 creatures vanquished.

Vanquished Creatures (collateral kills)
  Erica (D:8)
  A centaur zombie (D:10)
  A hungry ghost (D:10)
  5 yaks
  A sky beast (D:11)
  2 ogres
  A centaur (D:8)
  A wyvern skeleton (D:10)
  An iguana (D:8)
  An orc wizard (Orc:2)
  A hound skeleton (D:8)
  A shadow imp (D:8)
  7 orcs (D:9)
24 creatures vanquished.

Vanquished Creatures (others)
  A hexer (Orc:2)
  6 ancestors
  A bush (D:8)
  11 plants (D:8)
19 creatures vanquished.

Grand Total: 397 creatures vanquished

Notes
Turn   | Place    | Note
-------+----------+-------------------------------------------
     0 | D:1      | havocjr3 the Gnoll Gladiator began the quest for the Orb.
     0 | D:1      | Reached XP level 1. HP: 20/20 MP: 1/1
   108 | D:1      | Reached XP level 2. HP: 26/26 MP: 2/2
   603 | D:1      | Reached XP level 3. HP: 31/31 MP: 3/3
   862 | D:2      | Reached skill level 1 in Invocations
  1113 | D:2      | Reached skill level 1 in Short Blades
  1113 | D:2      | Reached skill level 1 in Axes
  1113 | D:2      | Reached skill level 1 in Maces & Flails
  1113 | D:2      | Reached skill level 1 in Polearms
  1113 | D:2      | Reached skill level 1 in Staves
  1113 | D:2      | Reached skill level 1 in Slings
  1113 | D:2      | Reached skill level 1 in Bows
  1113 | D:2      | Reached skill level 1 in Crossbows
  1113 | D:2      | Reached skill level 1 in Armour
  1113 | D:2      | Reached skill level 1 in Stealth
  1113 | D:2      | Reached skill level 1 in Shields
  1113 | D:2      | Reached skill level 1 in Unarmed Combat
  1113 | D:2      | Reached skill level 1 in Spellcasting
  1113 | D:2      | Reached skill level 1 in Evocations
  1170 | D:2      | Reached XP level 4. HP: 38/38 MP: 5/5
  1783 | D:3      | Reached skill level 1 in Conjurations
  1783 | D:3      | Reached skill level 1 in Hexes
  1783 | D:3      | Reached skill level 1 in Charms
  1783 | D:3      | Reached skill level 1 in Summonings
  1783 | D:3      | Reached skill level 1 in Necromancy
  1783 | D:3      | Reached skill level 1 in Translocations
  1783 | D:3      | Reached skill level 1 in Transmutations
  1783 | D:3      | Reached skill level 1 in Fire Magic
  1783 | D:3      | Reached skill level 1 in Ice Magic
  1783 | D:3      | Reached skill level 1 in Air Magic
  1783 | D:3      | Reached skill level 1 in Earth Magic
  1783 | D:3      | Reached skill level 1 in Poison Magic
  1885 | D:3      | Reached XP level 5. HP: 17/43 MP: 5/7
  2374 | D:3      | Found a runed translucent door.
  2375 | D:3      | Noticed Crazy Yiuf
  2387 | D:3      | Killed Crazy Yiuf
  2461 | D:4      | Reached XP level 6. HP: 50/50 MP: 8/8
  3132 | D:4      | Found a blossoming altar of Fedhas.
  3147 | D:4      | Reached skill level 5 in Fighting
  3147 | D:4      | Reached skill level 5 in Throwing
  3563 | D:4      | Got a polished flail
  3564 | D:4      | Identified the +7 flail of the Briny Deep {venom, +Rage}
                  | (You found it on level 4 of the Dungeon)
  3867 | D:5      | Entered Level 5 of the Dungeon
  4023 | D:5      | Reached XP level 7. HP: 56/56 MP: 10/10
  4177 | D:5      | Found a glowing silver altar of Zin.
  4347 | D:5      | Noticed Ijyb
  4362 | D:5      | Killed Ijyb
  4715 | D:5      | Found a basalt altar of Yredelemnul.
  5355 | D:6      | Reached XP level 8. HP: 63/63 MP: 12/12
  5432 | D:6      | Noticed Duvessa
  5438 | D:6      | Noticed Dowan
  5444 | D:6      | Killed Duvessa
  5449 | D:6      | Killed Dowan
  6336 | D:7      | Reached XP level 9. HP: 69/69 MP: 14/14
  6398 | D:7      | Found a staircase to the Ecumenical Temple.
  6440 | D:7      | Found a sand-covered staircase.
  6445 | Ossuary  | Entered an ossuary
  6772 | D:7      | Noticed Maggie
  6791 | D:7      | Killed Maggie
  7238 | D:8      | Noticed Prince Ribbit
  7263 | Temple   | Entered the Ecumenical Temple
  7288 | Temple   | Became a worshipper of Hepliaklqana the Forgotten
  7345 | D:8      | Reached skill level 5 in Invocations
  7404 | D:8      | Killed Prince Ribbit
  7409 | D:8      | Reached XP level 10. HP: 69/69 MP: 15/17
  7439 | D:8      | Noticed Erica
  7592 | D:8      | Killed Erica
  7592 | D:8      | Reached skill level 5 in Short Blades
  7592 | D:8      | Reached skill level 5 in Axes
  7592 | D:8      | Reached skill level 5 in Maces & Flails
  7592 | D:8      | Reached skill level 5 in Polearms
  7592 | D:8      | Reached skill level 5 in Staves
  7592 | D:8      | Reached skill level 5 in Slings
  7592 | D:8      | Reached skill level 5 in Bows
  7592 | D:8      | Reached skill level 5 in Crossbows
  7592 | D:8      | Reached skill level 5 in Armour
  7592 | D:8      | Reached skill level 5 in Stealth
  7592 | D:8      | Reached skill level 5 in Shields
  7592 | D:8      | Reached skill level 5 in Unarmed Combat
  7592 | D:8      | Reached skill level 5 in Spellcasting
  7592 | D:8      | Reached skill level 5 in Evocations
  7638 | D:8      | Noticed Joseph
  7652 | D:8      | Killed Joseph
  7874 | D:8      | Found a staircase to the Lair.
  7904 | D:8      | Noticed a two-headed ogre
  7912 | D:8      | Killed a two-headed ogre
  8047 | D:8      | Noticed Psyche
  8055 | D:8      | Killed Psyche
  8246 | D:8      | Found a blossoming altar of Fedhas.
  8535 | D:7      | Found an opulent altar of Gozag.
  8535 | D:7      | Found a bloodstained altar of Trog.
  8538 | D:7      | Found a shimmering altar of Xom.
  8541 | D:7      | Got a smoking long sword
  8542 | D:7      | Identified the +4 long sword of Watchfulness {vorpal,
                  | Dex+5} (You found it on level 7 of the Dungeon)
  8611 | D:9      | Reached * piety under Hepliaklqana
  8631 | D:9      | Reached XP level 11. HP: 63/75 MP: 19/19
  8666 | D:9      | Found a staircase to the Orcish Mines.
  8937 | D:9      | Noticed Maurice
  8957 | D:9      | Killed Maurice
  9641 | D:9      | Reached skill level 5 in Conjurations
  9641 | D:9      | Reached skill level 5 in Hexes
  9641 | D:9      | Reached skill level 5 in Charms
  9641 | D:9      | Reached skill level 5 in Summonings
  9641 | D:9      | Reached skill level 5 in Necromancy
  9641 | D:9      | Reached skill level 5 in Translocations
  9641 | D:9      | Reached skill level 5 in Transmutations
  9641 | D:9      | Reached skill level 5 in Fire Magic
  9641 | D:9      | Reached skill level 5 in Ice Magic
  9641 | D:9      | Reached skill level 5 in Air Magic
  9641 | D:9      | Reached skill level 5 in Earth Magic
  9641 | D:9      | Reached skill level 5 in Poison Magic
  9834 | D:10     | Entered Level 10 of the Dungeon
 10002 | D:10     | Noticed a manticore
 10007 | D:10     | Killed a manticore
 10224 | D:10     | Got a jewelled chain mail
 10228 | D:10     | Identified the +5 chain mail "Uthiadghani" {Str+4} (You
                  | found it on level 10 of the Dungeon)
 10588 | D:11     | Noticed a red ugly thing
 10598 | D:11     | Killed a red ugly thing
 10704 | D:11     | Noticed a cyclops
 10730 | D:11     | Killed a cyclops
 10734 | D:11     | Reached XP level 12. HP: 83/83 MP: 20/22
 10786 | D:11     | Reached ** piety under Hepliaklqana
 10787 | D:11     | Remembered your ancestor Decima as a hexer
 10837 | D:11     | Found a shattered altar of Ashenzari.
 10841 | D:11     | Saw a vision of the Swamp and the Snake Pit.
 10841 | D:11     | Noticed a naga sharpshooter
 10842 | D:11     | Noticed a naga sharpshooter
 11198 | D:11     | Found a portal to a secret trove of treasure.
 11429 | Orc:1    | Entered Level 1 of the Orcish Mines
 11576 | Orc:2    | Entered Level 2 of the Orcish Mines
 11670 | Orc:2    | Found a staircase to the Elven Halls.
 11799 | Orc:2    | Noticed a soul eater
 12073 | Orc:2    | Noticed a sun demon
 12133 | Orc:2    | Killed from afar by an orc sorcerer

Illustrated notes

Levels and vault maps discovered:
D:1:      matt_arrival_debris, layout_basic, chequers_serial_rivers_large_b
D:2:      cheibrodos_greedy_goblins, layout_basic, minmay_lizard_pond
D:3:      layout_rooms, uniq_crazy_yiuf_cottage
D:4:      layout_layer_cave, nicolae_overflow_crystal_walls,
          hangedman_decor_push, minmay_misc_feat_secret_circle
D:5:      layout_loops_corners, lemuel_doored_altar, first_ration, basic_altar,
          uniq_ijyb
D:6:      layout_rooms, gup_sewer_entry_bubbles, uniq_duvessa
D:7:      layout_cave_pools, nicolae_overflow_hidden_temple,
          minmay_temple_entry_drinking_statues, enter_ossuary_2,
          chequers_serial_rivers_micro_d, grunt_ogre_cave, uniq_maggie
D:8:      layout_cave_pools, lair_entry_dummy, fedhas_altar_decomposition,
          uniq_prince_ribbit1, uniq_psyche, uniq_erica, uniq_joseph
D:9:      layout_long_grid, hiddenorc2_lemuel, uniq_maurice
D:10:     layout_rooms, billiards_dpeg
D:11:     layout_loops_ring, nicolae_trove_entry_path_of_doom,
          grunt_ashenzari_visionary [grunt_ashenzari_visionary_swamp,
          grunt_ashenzari_visionary_snake]
Temple:   minmay_crystal_spiral_temple
Orc:1:    layout_caves, basic_altar
Orc:2:    st_orc_town, layout_caves, uniq_saint_roka

Skill      XL: |  1  2  3  4  5  6  7  8  9 10 11 12 |
---------------+-------------------------------------+-----
Invocations    | 1 2 3 4 5 6 7 |  7.8
Short Blades   | 1 2 3 4 5 6 7 |  7.1
Axes           | 1 2 3 4 5 6 7 |  7.1
Maces & Flails | 1 2 3 4 5 6 7 |  7.1
Polearms       | 1 2 3 4 5 6 7 |  7.1
Staves         | 1 2 3 4 5 6 7 |  7.1
Slings         | 1 2 3 4 5 6 7 |  7.1
Bows           | 1 2 3 4 5 6 7 |  7.1
Crossbows      | 1 2 3 4 5 6 7 |  7.1
Armour         | 1 2 3 4 5 6 7 |  7.1
Stealth        | 1 2 3 4 5 6 7 |  7.1
Shields        | 1 2 3 4 5 6 7 |  7.1
Unarmed Combat | 1 2 3 4 5 6 7 |  7.1
Spellcasting   | 1 2 3 4 5 6 7 |  7.1
Evocations     | 1 2 3 4 5 6 7 |  7.1
Conjurations   | 1 2 3 4 5 |  5.9
Hexes          | 1 2 3 4 5 |  5.9
Charms         | 1 2 3 4 5 |  5.9
Summonings     | 1 2 3 4 5 |  5.9
Necromancy     | 1 2 3 4 5 |  5.9
Translocations | 1 2 3 4 5 |  5.9
Transmutations | 1 2 3 4 5 |  5.9
Fire Magic     | 1 2 3 4 5 |  5.9
Ice Magic      | 1 2 3 4 5 |  5.9
Air Magic      | 1 2 3 4 5 |  5.9
Earth Magic    | 1 2 3 4 5 |  5.9
Poison Magic   | 1 2 3 4 5 |  5.9
Fighting       | 5 6 7 8 |  8.5
Throwing       | 5 6 7 8 |  8.5
Long Blades    | 7 8 9 |  9.7
Dodging        | 7 8 9 |  9.7

Action                   |  1- 3 |  4- 6 |  7- 9 | 10-12 || total
-------------------------+-------+-------+-------+-------++-------
Melee: Long sword        |    88 |    85 |       |    72 ||   245
       Bite              |     9 |    26 |    24 |    49 ||   108
       Whip              |       |    53 |       |       ||    53
       Flail             |       |    13 |   192 |   197 ||   402
       Trident           |       |       |       |    44 ||    44
 Fire: Hunting sling     |       |    69 |   121 |   198 ||   388
Throw: Throwing net      |       |     5 |       |       ||     5
       Stone             |       |       |     3 |       ||     3
       Dart              |       |       |     5 |     1 ||     6
       Javelin           |       |       |       |     7 ||     7
Invok: Recall Ancestor   |       |       |     1 |       ||     1
       Ancestor Life: He |       |       |       |     1 ||     1
 Abil: Evoke Berserk Rag |       |       |       |     1 ||     1
Evoke: Wand              |       |       |    16 |    18 ||    34
       Phial of floods   |       |       |       |     1 ||     1
  Use: Potion            |       |     4 |       |     1 ||     5
       Scroll            |       |       |    10 |    11 ||    21
 Stab: Sleeping          |     3 |       |       |     2 ||     5
       Held in net/web   |       |     6 |       |       ||     6
       Paralysed         |       |       |     4 |     5 ||     9
       Distracted        |       |       |     1 |     4 ||     5
       Confused          |       |       |       |     2 ||     2
  Eat: Chunk             |     1 |     9 |    11 |    16 ||    37
Armor: Leather armour    |     9 |       |       |       ||     9
       Ring mail         |       |    14 |       |       ||    14
       Scale mail        |       |    16 |    25 |       ||    41
       Acid dragon scale |       |       |     6 |    12 ||    18
       Chain mail        |       |       |       |    20 ||    20
Dodge: Dodged            |    81 |   121 |   133 |   256 ||   591
Block: Buckler           |    18 |    38 |    43 |    82 ||   181
       Rpst.: Long sword |    23 |    17 |       |    15 ||    55
